 Dungeon Crawl Stone Soup version 0.30-a0-702-gdf48620a09 (webtiles) character file.

Game seed: 5506603115442598673

756 Darius099 the Ruffian (level 7, -21/106 HPs)
             Began as a Troll Berserker on Jan 21, 2023.
             Was a Priest of Trog.
             Demolished by an ogre
             ... wielding a +0 giant spiked club
              (28 damage)
             ... on level 5 of the Dungeon on Jan 22, 2023.
             The game lasted 00:10:54 (3972 turns).

Darius099 the Ruffian (Troll Berserker)             Turns: 3972, Time: 00:10:55

Health: -21/106    AC:  5    Str: 26    XL:     7   Next: 50%
Magic:  6/6        EV: 11    Int:  3    God:    Trog [***...]
Gold:   199        SH:  0    Dex: 11    Spells: 6/6 levels left

rFire   . . .      SeeInvis .      - Unarmed
rCold   . . .      Faith    .    (no shield)
rNeg    . . .      Spirit   .    a - +0 animal skin
rPois   .          Reflect  .    (helmet restricted)
rElec   .          Harm     .    p - +0 cloak
rCorr   .          Rampage  .    (gloves unavailable)
Will    .....                    (boots unavailable) Stlth
                                 (no amulet)
HPRegen 1.17/turn                (no ring)
MPRegen 0.10/turn                (no ring)

@: berserking, very quick
A: large, unfitting armour, claws 3, regeneration 1, shaggy fur 1, tough skin 1
a: Renounce Religion, Berserk, Trog's Hand


You were on level 5 of the Dungeon.
You worshipped Trog.
Trog was most pleased with you.
You visited 1 branch of the dungeon, and saw 5 of its levels.

You collected 199 gold pieces.

Inventory:

Missiles
 s - 2 large rocks (quivered)
Armour
 a - a +0 animal skin (worn)
 p - a +0 cloak (worn)
Wands
 i - a wand of light (6)
 j - a wand of iceblast (5)
Scrolls
 b - a scroll of fog {unknown}
 c - 2 scrolls of brand weapon
 e - 3 scrolls of identify {unknown}
 g - 2 scrolls of butterflies {unknown}
 k - a scroll of acquirement {unknown}
 l - 2 scrolls of enchant armour {unknown}
 n - 3 scrolls of teleportation {unknown}
 q - a scroll of amnesia {unknown}
 r - a scroll of blinking {unknown}
Potions
 d - a potion of cancellation {unknown}
 f - a potion of magic {unknown}
 h - 2 potions of mutation {unknown}
 m - 2 potions of curing {unknown}
 o - a potion of invisibility {unknown}
 t - a potion of attraction {unknown}
 u - a potion of degeneration {unknown}


   Skills:
 + Level 4.7 Fighting
 + Level 4.6 Dodging
 + Level 5.6 Unarmed Combat


You had 6 spell levels left.
You didn't know any spells.
Your spell library was empty.

Dungeon Overview and Level Annotations

Branches:
Dungeon (5/15)             Temple (0/1) D:4

Altars:
Ashenzari
Elyvilon
Gozag
Kikubaaqudgha
Makhleb
Ru
Yredelemnul


Innate Abilities, Weirdness & Mutations

You are too large for most types of armour.
You have claws for hands.
Your natural rate of healing is unusually fast.
You are covered in fur. (AC +1)
You have tough skin. (AC +1)


Message History

You feel yourself slow down.
There is an open door here.
l - 2 scrolls labelled BICOD COREF (gained 1)
There is an open door here.
You see here a +0 whip.
You feel yourself speed up.
You recover from your berserk rage.
You now have 199 gold pieces (gained 9).
An ogre comes into view. It is wielding a +0 giant spiked club.
You throw a large rock. The large rock barely misses the ogre.
You don't know any spells.
Okay, then.
Okay, then.
Throw: 4 large rocks
Press: ? - help, Q - select action, (/) - cycle Shift-Dir - straight line, f/p - ogre
Aim: an ogre, wielding a +0 giant spiked club (73% to hit)
You throw a large rock.
The large rock completely misses the ogre.
The ogre hits you with a +0 giant spiked club!
Throw: 3 large rocks
Press: ? - help, Q - select action, (/) - cycle Shift-Dir - straight line, f/p - ogre
Aim: an ogre, wielding a +0 giant spiked club (73% to hit)
You throw a large rock. The large rock hits the ogre.
The ogre is lightly wounded.
The ogre closely misses you.
You claw the ogre!
The ogre is moderately wounded.
The ogre hits you with a +0 giant spiked club!!
You claw the ogre!
The ogre is severely wounded.
You scratch the ogre.
The ogre is severely wounded.
The ogre hits you with a +0 giant spiked club!!
* * * LOW HITPOINT WARNING * * *
A red film seems to cover your vision as you go berserk!
You feel yourself moving faster!
You feel mighty!
You barely miss the ogre.
The ogre is severely wounded.
The ogre hits you with a +0 giant spiked club!!
You die...

......# #......# ....#.#
#......# #####.##
#......##.#
..รท<#..#####.........
................>#######
.....)...#.###..........
#.####.#.......#.######
#.'....###'##..#.#
..##........##.#@#
..##........##.#O#
..##........##...#
####........##.#.# #
#(.......##?#.#
#........## #.#
#........# #(#
#######+## #(.


You could see an ogre.

Vanquished Creatures
  An ogre (D:5)
  A phantom (D:5)
  A necrophage (D:5)
  2 scorpions
  A gnoll bouda (D:4)
  Terence (D:2)
  21 gnolls
  4 adders
  A white imp (D:3)
  4 worms
  2 dart slugs
  7 orcs
  8 endoplasms
  2 giant cockroaches
  12 goblins
  7 hobgoblins
  3 jackals (D:3)
  10 kobolds
  2 quokkas
  5 ball pythons
  5 bats
  5 frilled lizards
  4 rats
109 creatures vanquished.

Notes
Turn   | Place    | Note
-------+----------+-------------------------------------------
     0 | D:1      | Darius099 the Troll Berserker began the quest for the Orb.
     0 | D:1      | Reached XP level 1. HP: 22/22 MP: 0/0
   297 | D:1      | Reached XP level 2. HP: 20/29 MP: 1/1
   628 | D:2      | Found an ancient bone altar of Kikubaaqudgha.
   672 | D:2      | Noticed Terence
   680 | D:2      | Killed Terence
   681 | D:2      | Reached XP level 3. HP: 36/36 MP: 2/2
   848 | D:2      | Reached ** piety under Trog
   931 | D:2      | Reached XP level 4. HP: 45/45 MP: 3/3
  1576 | D:3      | Found an opulent altar of Gozag.
  1920 | D:3      | Reached skill level 4 in Unarmed Combat
  1927 | D:3      | Reached XP level 5. HP: 30/53 MP: 4/4
  2687 | D:4      | Reached *** piety under Trog
  2736 | D:4      | Found a basalt altar of Yredelemnul.
  2738 | D:4      | Found a burning altar of Makhleb.
  2738 | D:4      | Found a white marble altar of Elyvilon.
  2789 | D:4      | Found a staircase to the Ecumenical Temple.
  2799 | D:4      | Reached XP level 6. HP: 37/62 MP: 5/5
  3013 | D:4      | Found a sacrificial altar of Ru.
  3593 | D:5      | Entered Level 5 of the Dungeon
  3593 | D:5      | Found a broken altar of Ashenzari.
  3726 | D:5      | Reached skill level 5 in Unarmed Combat
  3756 | D:5      | Reached XP level 7. HP: 55/71 MP: 6/6
  3970 | D:5      | HP: 3/71 [ogre/+0 giant spiked club (31)]
  3972 | D:5      | Demolished by an ogre

Illustrated notes

Levels and vault maps discovered:
D:1:      denvon_arrival_planthouse, layout_loops_ring
D:2:      cheibrodos_helix_gallery, layout_basic, basic_altar,
          minmay_pentomino_u2, uniq_terence
D:3:      layout_basic, mainiacjoe_overflow_catwalk,
          hangedman_decor_diamond_cutter
D:4:      layout_basic, mainiacjoe_overflow_brackets,
          chequers_temple_overflow_statue_of_worship,
          minmay_temple_entry_large_hall, serial_rivers,
          chequers_serial_rivers_micro_e, chequers_serial_rivers_micro_d,
          chequers_serial_rivers_small_b, chequers_serial_rivers_large_b,
          minmay_door_square, grunt_ministairs_4
D:5:      layout_basic, mainiacjoe_overflow_alcove_1,
          mainiacjoe_overflow_small_starburst

Skill      XL: |  1  2  3  4  5  6 |
---------------+-------------------+-----
Fighting       | 3 4 |  4.7
Dodging        | 3 4 |  4.6
Unarmed Combat | 4 5 |  5.6

Action                   |  1- 3 |  4- 6 |  7- 9 || total
-------------------------+-------+-------+-------++-------
Melee: Unarmed           |    64 |   208 |    21 ||   293
       Punch             |     2 |     7 |     1 ||    10
Throw: Large rock        |       |       |     3 ||     3
Invok: Berserk           |       |     2 |     2 ||     4
       Trog's Hand       |       |     1 |       ||     1
  Use: Scroll            |       |     1 |       ||     1
 Stab: Sleeping          |     1 |     2 |       ||     3
Armor: Animal skin       |    23 |    43 |     2 ||    68
Dodge: Dodged            |    21 |   105 |     9 ||   135

Table legend: (Time is in decaauts)
 A = Elapsed time spent in this place.
 B = Non-inter-level travel time spent in this place.
 C = Inter-level travel time spent in this place.
 D = Time resting spent in this place.
 E = Time spent auto-exploring this place.
 F = Levels seen in this place.
 G = Mean time per level.
                   A        B        C        D        E       F      G
               +--------+--------+--------+--------+--------+-----+--------+
         Total |   3983 |   3666 |    317 |     93 |   2696 |   5 |  796.6 |
       Dungeon |   3983 |   3666 |    317 |     93 |   2696 |   5 |  796.6 |
               +--------+--------+--------+--------+--------+-----+--------+

Top non-repeatable levels by time:
     D:3: 1198 daAuts
     D:4: 937 daAuts
     D:2: 850 daAuts
     D:1: 626 daAuts
     D:5: 371 daAuts
